 Dungeon Crawl Stone Soup version 0.18.1-8-gdd0e5ea (webtiles) character file.

280 Liquid the Shooter (level 6, -6/41 HPs)
             Began as a High Elf Hunter on June 8, 2016.
             Was an Initiate of Gozag.
             Mangled by Sigmund
             ... wielding a +0 scythe
              (8 damage)
             ... on level 4 of the Dungeon.
             The game lasted 00:07:31 (2718 turns).

Liquid the Shooter (High Elf Hunter)                Turns: 2718, Time: 00:07:32

Health: -6/41      AC:  9    Str: 11    XL:     6   Next: 5%
Magic:  7/7        EV: 12    Int: 19    God:    Gozag
Gold:   85         SH:  0    Dex: 19    Spells: 0 memorised, 5 levels left

rFire  . . .     SeeInvis .     y - +1 short sword (drain)
rCold  . . .     Gourm    .     t - +0 ring mail
rNeg   . . .     Faith    .     (no shield)
rPois  .         Spirit   .     w - +2 hat
rElec  .         Dismiss  .     p - +1 cloak
rCorr  .         Reflect  .     (no gloves)
SustAt .         Harm     .     (no boots)
MR     .....                    (no amulet)
Stlth  ++........               (no ring)
                                (no ring)

@: brilliant, not resistant to hostile enchantments, unstealthy
A: no striking features
a: Potion Petition, Call Merchant, Bribe Branch, Renounce Religion


You were on level 4 of the Dungeon.
You worshipped Gozag.
Gozag was noncommittal.
You were very hungry.

You visited 1 branch of the dungeon, and saw 4 of its levels.

You collected 113 gold pieces.
You paid 28 gold pieces to Gozag.

Inventory:

Hand Weapons
 a - a +2 shortbow
 b - a +0 short sword
 y - a +1 short sword of draining (weapon)
Missiles
 d - 9 arrows
Armour
 c - a +0 leather armour
 h - a +0 cloak
 p - a +1 cloak (worn)
 t - a +0 ring mail (worn)
 w - a +2 hat (worn)
Wands
 e - a wand of polymorph (13/24)
Scrolls
 r - 2 scrolls of remove curse
 s - a scroll of identify
 v - a scroll of amnesia {unknown}
 z - a scroll of fog {unknown}
Potions
 j - 3 potions of curing
Comestibles
 f - a bread ration
 g - 2 meat rations
 i - a beef jerky
 m - 2 slices of pizza
 u - 2 fruits


   Skills:
 + Level 2.8 Fighting
 * Level 7.3 Bows
 + Level 3.9 Dodging
 + Level 3.5 Stealth


You had 5 spell levels left.
You didn't know any spells.

Dungeon Overview and Level Annotations

Branches:
Dungeon (4/15)
 Temple: D:4-7

Altars:
Gozag
Nemelex Xobeh
Qazlal
Sif Muna
Yredelemnul
Zin

Annotations:
D:4 Sigmund


Message History

Okay, then.
Wield which item (- for none, * to show all)? (? for menu, Esc to quit)
You sense an unholy aura.
y - a +1 short sword of draining (weapon)
Something hits you!
* * * LOW HITPOINT WARNING * * *
You see here 11 gold pieces.
You hit something but do no damage. You miss something. Something hits you.
* * * LOW HITPOINT WARNING * * *
You hit something. Something hits you.
* * * LOW HITPOINT WARNING * * *
Unknown command.
You hit something. You miss something. Something barely misses you.
You hit something. You miss something. Something hits you but does no damage.
You hit something. Something hits you!
You die...
Your body crumbles into a pile of gold.

................
................
......(.........
........./......
................
................
................
#####{...>##.#.
###@######.#
#......###.#
#.#.#......###
#.#.#.......<#
#$#.#......###
#.#......#
$#.#......####..
#.#.............
#.#......####...


There were no monsters in sight!

Vanquished Creatures
  3 orc wizards (D:3)
  A worker ant (D:4)
  An iguana (D:4)
  Robin (D:2)
  3 adders
  An ooze (D:1)
  2 worms
  2 dart slugs
  3 giant geckos
  5 orcs (D:3)
  3 bats
  A giant cockroach (D:3)
  19 goblins
  6 hobgoblins
  14 jackals
  7 kobolds
  3 giant newts
  5 rats
80 creatures vanquished.

Notes
Turn   | Place    | Note
--------------------------------------------------------------
     0 | D:1      | Liquid the High Elf Hunter began the quest for the Orb.
     0 | D:1      | Reached XP level 1. HP: 14/14 MP: 2/2
    89 | D:1      | Reached XP level 2. HP: 17/19 MP: 3/3
   362 | D:1      | Reached XP level 3. HP: 24/24 MP: 4/4
   773 | D:1      | Found a basalt altar of Yredelemnul.
   824 | D:2      | Found a faded altar to an unknown god.
   836 | D:2      | Reached skill level 6 in Bows
  1356 | D:2      | You fall through a shaft!
  1402 | D:3      | Reached XP level 4. HP: 30/30 MP: 5/5
  1426 | D:3      | Found a sparkling altar of Nemelex Xobeh.
  1427 | D:3      | Found a deep blue altar of Sif Muna.
  1671 | D:3      | Reached XP level 5. HP: 24/35 MP: 6/6
  1764 | D:3      | Found a stormy altar of Qazlal.
  2144 | D:2      | Reached skill level 7 in Bows
  2153 | D:2      | Noticed Robin
  2163 | D:2      | Killed Robin
  2443 | D:2      | Found a glowing silver altar of Zin.
  2444 | D:2      | Found an opulent altar of Gozag.
  2456 | D:2      | Became a worshipper of Gozag Ym Sagoz the Greedy
  2668 | D:4      | Noticed Sigmund
  2706 | D:4      | Reached XP level 6. HP: 25/41 MP: 7/7
  2713 | D:4      | HP: 1/41 [something (2)]
  2718 | D:4      | Mangled by Sigmund

Skill      XL: |  1  2  3  4  5 |
---------------+----------------+-----
Stealth        | 2 3 |  3.5
Bows           | 6 7 |  7.3
Dodging        | 3 |  3.9
Fighting       | |  2.8

Action                   |  1- 3 |  4- 6 || total
-------------------------+-------+-------++-------
Melee: Short sword       |       |    60 ||    60
 Fire: Shortbow          |   100 |    72 ||   172
  Use: Scroll            |     4 |       ||     4
       Potion            |       |     6 ||     6
 Stab: Sleeping          |       |     1 ||     1
  Eat: Chunk             |     1 |     3 ||     4
Armor: Leather armour    |     9 |       ||     9
       Ring mail         |       |    21 ||    21
       Skin              |       |    36 ||    36
Dodge: Dodged            |    25 |    44 ||    69
